 Dungeon Crawl Stone Soup version 0.29-a0-338-g1ff7896281 (webtiles) character file.

Game seed: 8896974814936696310

34 siradein the Skirmisher (level 3, -2/34 HPs)
             Began as a Naga Fighter on Apr 18, 2022.
             Slain by Natasha (7 damage)
             ... on level 1 of the Dungeon.
             The game lasted 00:03:02 (807 turns).

siradein the Skirmisher (Naga Fighter)               Turns: 807, Time: 00:03:03

Health: -2/34      AC:  4    Str: 20    XL:     3   Next: 31%
Magic:  0/3        EV:  7    Int:  8    God:
Gold:   74         SH:  4    Dex: 10    Spells: 2/2 levels left

rFire   . . .      SeeInvis +   a - +0 long sword
rCold   . . .      Faith    .   c - +0 buckler
rNeg    . . .      Spirit   +   b - +0 scale mail
rPois   +          Reflect  .   (no helmet)
rElec   .          Harm     .   (no cloak)
rCorr   .          Rampage  .   (no gloves)
Will    .....                   (no barding)
Stlth   ..........              h - amulet of guardian spirit
HPRegen 0.11/turn               (no ring)
MPRegen 0.08/turn               (no ring)

@: slowed, very slow
A: AC +1, large, see invisible, deformed body, poison resistance, slowness 2,
spit poison 1, naga tail 1
a: Spit Poison


You were on level 1 of the Dungeon.
You visited 1 branch of the dungeon, and saw 2 of its levels.

You collected 74 gold pieces.

Inventory:

Hand Weapons
 a - a +0 long sword (weapon)
Armour
 b - a +0 scale mail (worn)
 c - a +0 buckler (worn)
Jewellery
 h - an amulet of guardian spirit (around neck)
Scrolls
 g - 2 scrolls of identify {unknown}
 i - a scroll of fog {unknown}
 j - 5 scrolls of teleportation
 k - 4 scrolls of noise {unknown}
 l - a scroll of enchant weapon {unknown}
Potions
 d - a potion of might
 e - 3 potions of lignification {unknown}
 f - 2 potions of cancellation {unknown}


   Skills:
 + Level 3.3 Fighting
 + Level 2.4 Long Blades
 + Level 2.7 Armour
 + Level 2.7 Shields


You had 2 spell levels left.
You didn't know any spells.
Your spell library was empty.

Dungeon Overview and Level Annotations

Branches:
Dungeon (2/15)

Altars:

Shops:
D:1 ?

Annotations:
D:1 Natasha


Innate Abilities, Weirdness & Mutations

Your serpentine skin is tough. (AC +1)
You have supernaturally acute eyesight. (SInv)
Armour fits poorly on your strangely shaped body.
Your system is resistant to poisons. (rPois)
You cover ground very slowly.
You can spit poison.
You have a snake-like lower body.


Message History

The shadow imp disappears in a puff of smoke!
There is a stone staircase leading down here.
Unknown command.
You hit Natasha.
Natasha is moderately wounded.
Natasha mumbles some strange words.
The frilled lizard bites you but does no damage.
Natasha claws you. The frilled lizard barely misses you.
You barely miss Natasha.
Natasha is moderately wounded.
Natasha claws you but does no damage. The frilled lizard barely misses you.
The crimson imp blinks!
Natasha barely misses you.
The frilled lizard bites you but does no damage.
You closely miss Natasha.
Natasha is moderately wounded.
Natasha claws you. The frilled lizard bites you. Natasha barely misses you.
The frilled lizard bites you but does no damage.
You are too injured to fight recklessly!
You are too injured to fight recklessly!
Unknown command.
You hit Natasha.
Natasha is heavily wounded.
Natasha barely misses you. The frilled lizard bites you.
The crimson imp blinks!
Natasha claws you.
* * * LOW HITPOINT WARNING * * *
The frilled lizard barely misses you.
Unknown command.
You barely miss Natasha.
Natasha is heavily wounded.
Natasha claws you.
* * * LOW HITPOINT WARNING * * *
You block the frilled lizard's attack. You block the crimson imp's attack.
Natasha claws you.
* * * LOW HITPOINT WARNING * * *
The frilled lizard barely misses you.
You hit Natasha.
Natasha is severely wounded.
The crimson imp hits you but does no damage.
Natasha claws you!
You die...

#.......................
##.......##.............
#......###♣..∩.._..∩..∩
#.###### #............. #.#
##............. ##.#
###.∩..∩.....8..8 ##..#
##................ #..##
##................. #.##
#.@5..∩..8..∩..∩..∩
#####†#####hl................
#............................
#..........#....∩..∩..∩..♣..8
#..........##...#............
#..................#######...
#..........######### #...
#..........# #...
#..........# #...


You could see Natasha, a crimson imp (summoned) and a frilled lizard.

Vanquished Creatures
  A dart slug (D:1)
  2 ball pythons (D:1)
  2 bats (D:1)
  5 endoplasms (D:1)
  2 goblins (D:1)
  2 hobgoblins (D:1)
  3 kobolds (D:1)
  3 quokkas (D:1)
  5 frilled lizards (D:1)
  3 rats (D:1)
28 creatures vanquished.

Notes
Turn   | Place    | Note
-------+----------+-------------------------------------------
     0 | D:1      | siradein the Naga Fighter began the quest for the Orb.
     0 | D:1      | Reached XP level 1. HP: 21/21 MP: 1/1
    50 | D:1      | Reached XP level 2. HP: 20/28 MP: 2/2
   172 | D:1      | Found a faded altar of an unknown god.
   221 | D:1      | Found Nauluoci's Magic Scroll Shop.
   250 | D:1      | Reached XP level 3. HP: 20/34 MP: 3/3
   791 | D:2      | Noticed Natasha
   807 | D:1      | Slain by Natasha

Illustrated notes

Levels and vault maps discovered:
D:1:      lemuel_arrival_tunnels, layout_rooms,
          hellmonk_ecumenical_altar_arch_garden, serial_shops, shop_scrolls,
          minmay_misc_feat_alley, minmay_octomino_e4
D:2:      layout_rooms, uniq_sigmund, uniq_robin, uniq_natasha

Action                   || total
-------------------------++-------
Melee: Long sword        ||    56
 Abil: Spit Poison       ||    11
  Use: Scroll            ||     1
Armor: Scale mail        ||    32
Dodge: Dodged            ||    24
Block: Buckler           ||    12

Table legend: (Time is in decaauts)
 A = Elapsed time spent in this place.
 B = Non-inter-level travel time spent in this place.
 C = Inter-level travel time spent in this place.
 D = Time resting spent in this place.
 E = Time spent auto-exploring this place.
 F = Levels seen in this place.
 G = Mean time per level.
                   A        B        C        D        E       F      G
               +--------+--------+--------+--------+--------+-----+--------+
         Total |   1003 |    983 |     20 |      0 |    771 |   2 |  501.5 |
       Dungeon |   1003 |    983 |     20 |      0 |    771 |   2 |  501.5 |
               +--------+--------+--------+--------+--------+-----+--------+

Top non-repeatable levels by time:
     D:1: 996 daAuts
     D:2: 7 daAuts
